 Dungeon Crawl Stone Soup version 0.20-b1-18-gaa2fd62 (webtiles) character file.

18022 SedStubbie the Fighter (level 12, -4/154 HPs)
             Began as a Barachi Fighter on May 25, 2017.
             Was a High Priest of Trog.
             Killed by divine providence
             ... invoked by Saint Roka
              (13 damage)
             ... on level 2 of the Orcish Mines.
             The game lasted 01:00:35 (13673 turns).

SedStubbie the Fighter (Barachi Fighter)           Turns: 13673, Time: 01:00:36

Health: -4/154     AC: 26    Str: 29    XL:     12   Next: 54%
Magic:  12/12      EV:  2    Int:  9    God:    Trog [*****.]
Gold:   1437       SH: 14    Dex: 16    Spells: 11/11 levels left

rFire    . . .     SeeInvis +   C - +3 war axe (vamp)
rCold    . . .     Gourm    .   c - +0 shield
rNeg     + + +     Faith    .   (armour currently unavailable)
rPois    +         Spirit   .   (helmet currently unavailable)
rElec    .         Reflect  .   (cloak currently unavailable)
rCorr    .         Harm     .   (gloves currently unavailable)
MR       .....     NoTele   +   (boots currently unavailable)
Stlth    ++........             (no amulet)
Regen    0.4/turn               w - +6 ring of strength
MPRegen  0.2/turn               i - ring of see invisible

@: agile, tree-form, berserk cooldown, slowed, very slow
A: +LOS, swims
a: Berserk, Trog's Hand, Brothers in Arms, Burn Spellbooks, Renounce Religion


You were on level 2 of the Orcish Mines.
You worshipped Trog.
Trog was extremely pleased with you.
You were near starving.
You were a tree.
You visited 3 branches of the dungeon, and saw 14 of its levels.
You also visited: Sewer.

You collected 1437 gold pieces.

Inventory:

Hand Weapons
 C - a +3 vampiric war axe (weapon)
 F - a +4 antimagic battleaxe
 J - the +9 staff of Olgreb {rPois}
   (You found it on level 6 of the Dungeon)

   It protects you from poison.
Missiles
 E - 34 tomahawks (quivered)
 P - 3 javelins of returning
Armour
 a - a +2 plate armour of poison resistance
 c - a +0 shield (worn)
 o - +1 pearl dragon scales (melded)
 N - a +0 pair of boots (melded)
 O - a +0 helmet (melded)
 T - a cursed +0 pair of gloves (melded)
Jewellery
 i - a ring of see invisible (right branch)
 s - an uncursed ring of wizardry {unknown}
 u - an uncursed ring of resist corrosion
 w - a +6 ring of strength (left branch)
 y - an uncursed ring of fire
Wands
 j - a wand of random effects (4/48)
 G - a wand of iceblast (2/15)
 H - a wand of polymorph (5/24)
 Q - a wand of enslavement (10/24)
 R - a wand of confusion (18/48)
 U - a wand of acid (3/15)
Scrolls
 d - 13 scrolls of teleportation
 k - 10 scrolls of remove curse
 n - 3 scrolls of magic mapping
 r - a scroll of fog
 v - a scroll of recharging
 B - 2 scrolls of identify
 I - a scroll of immolation
 M - a scroll of enchant weapon {unknown}
 S - a scroll of noise {unknown}
Potions
 g - 2 potions of agility
 h - 2 potions of brilliance {unknown}
 l - a potion of berserk rage {unknown}
 p - a potion of degeneration {unknown}
 q - 2 potions of curing
 t - a potion of invisibility {unknown}
 x - 5 potions of flight
 z - a potion of ambrosia
 D - a potion of magic {unknown}
 K - a potion of mutation {unknown}
Comestibles
 b - 6 royal jellies
 f - 6 bread rations
 m - 3 meat rations


   Skills:
 + Level 12.5 Fighting
 + Level 11.2 Axes
 + Level 12.2 Armour
 + Level 11.6 Shields


You had 11 spell levels left.
You didn't know any spells.

Dungeon Overview and Level Annotations

Branches:
Dungeon (11/15)            Temple (1/1) D:4            Lair (0/6) D:11
    Orc (2/2) D:11
    Elf: Orc:2

Altars:
Ashenzari
Cheibriados
Dithmenos
Elyvilon
Fedhas
Gozag
Hepliaklqana
Kikubaaqudgha
Makhleb
Nemelex Xobeh
Okawaru
Qazlal
Ru
Sif Muna
Trog
Uskayaw
Vehumet
Xom
Yredelemnul
Zin
The Shining One
Beogh

Annotations:
D:6 1 runed door
D:9 1 runed door
Orc:2 Saint Roka


Innate Abilities, Weirdness & Mutations

Shadows flee at your approach. (+LOS)
You can swim through water.
((You cover ground slowly.))
((You can hop short distances.))


Message History

* * * LOW HITPOINT WARNING * * *
You closely miss Saint Roka.
Saint Roka is severely wounded.
Saint Roka hits you with a long sword.
* * * LOW HITPOINT WARNING * * *
You hit Saint Roka.
You feel better.
Saint Roka is severely wounded.
You block Saint Roka's attack.
You hit Saint Roka.
You feel better.
Saint Roka is severely wounded.
Saint Roka hits you with a long sword.
* * * LOW HITPOINT WARNING * * *
Saint Roka mumbles some strange prayers to Beogh against you.
Beogh smites you!
* * * LOW HITPOINT WARNING * * *
You slash Saint Roka!
You feel better.
Saint Roka is almost dead.
Saint Roka mumbles some strange prayers to Beogh against you.
Beogh smites you!
You die...

##..#................###.[...# #
##..#...<...#...........##)''##..
.........#......................#
......................#.#.8.8.###
...................#.........##
.....................[..[....#
...........#......)..........#
...####.....#..)#[...........###
.. #....#(..)♣o.............# .
#.....#.()[[......######.#
#..#.#....#.#..[..'...8#.#
#.#.(.....####...)#....# #
#.................######.#
....#########..##........# .....
#.###.######## .... #.# ### ..
#.#


You could see Saint Roka.

Vanquished Creatures
  An orc warlord (D:11)
  A stone giant (Orc:2)
  A two-headed ogre (D:8)
  The ghost of Gorglomux the Basher, a novice GrFi of the Shining One (D:10)
  Pikel (D:4)
  2 orc sorcerers (Orc:2)
  2 ugly things (D:11)
  A guardian serpent (D:10)
  3 trolls
  Grinder (D:3)
  2 hornets (D:9)
  5 hippogriffs
  A wraith (D:10)
  Sigmund (D:3)
  Eustachio (D:5)
  A hungry ghost (D:11)
  7 wargs
  5 soldier ants
  2 hell hounds
  2 water moccasins (D:6)
  Duvessa (D:5)
  20 orc warriors
  A slave (D:4)
  3 sky beasts
  2 eyes of draining
  A necrophage (D:9)
  2 ice beasts
  A black bear (D:9)
  A phantom (D:5)
  The ghost of cereshysteria the Chopper, an amateur DsCK of Xom (D:3)
  2 ogres
  4 centaurs
  4 big kobolds
  A crocodile (D:10)
  6 bullfrogs
  Dowan (D:5)
  3 scorpions
  21 killer bees
  3 howler monkeys (D:8)
  6 crimson imps
  2 jellies (D:9)
  2 quasits
  6 hounds
  20 orc priests
  17 orc wizards
  11 worker ants
  Natasha (thrice) (D:3)
  3 iguanas
  A hound zombie (D:7)
  2 hound skeletons (D:11)
  A howler monkey zombie (D:8)
  2 worker ant zombies
  20 adders
  A river rat (Sewer)
  4 shadow imps
  6 oozes
  3 adder skeletons
  7 worms
  2 dart slugs
  5 leopard geckos
  67 orcs
  3 ball pythons (Sewer)
  4 bats
  2 giant cockroaches
  7 hobgoblins
  8 jackals
  5 quokkas
  6 frilled lizards
  10 goblins
  A jackal zombie (D:8)
  21 kobolds
  A quokka skeleton (D:4)
  A quokka zombie (D:8)
  9 rats
388 creatures vanquished.

Vanquished Creatures (others)
  An adder (D:4)
1 creature vanquished.

Grand Total: 389 creatures vanquished

Notes
Turn   | Place    | Note
-------+----------+-------------------------------------------
     0 | D:1      | SedStubbie the Barachi Fighter began the quest for the Orb.
     0 | D:1      | Reached XP level 1. HP: 18/18 MP: 1/1
    73 | D:1      | Reached XP level 2. HP: 25/25 MP: 2/2
   857 | D:2      | Reached XP level 3. HP: 30/30 MP: 3/3
  1086 | D:2      | Reached XP level 4. HP: 38/38 MP: 4/4
  1186 | D:2      | Found a shimmering altar of Xom.
  1378 | D:3      | Noticed cereshysteria's ghost (amateur DsCK)
  1541 | D:3      | Noticed Sigmund
  1563 | D:3      | Killed Sigmund
  1563 | D:3      | Reached skill level 5 in Fighting
  1563 | D:3      | Reached skill level 5 in Armour
  1563 | D:3      | Reached XP level 5. HP: 29/44 MP: 5/5
  1563 | D:3      | Reached XP level 6. HP: 33/51 MP: 6/6
  1624 | D:3      | Noticed Grinder
  1651 | D:3      | Paralysed by Grinder for 7 turns
  1659 | D:3      | Killed Grinder
  1659 | D:3      | Reached skill level 5 in Shields
  1659 | D:3      | Reached XP level 7. HP: 33/56 MP: 7/7
  1795 | D:3      | Noticed Natasha
  1877 | D:3      | Killed Natasha
  1916 | D:3      | Noticed Natasha
  1925 | D:3      | Killed Natasha
  1943 | D:3      | Found a glowing drain.
  1957 | Sewer    | Entered a sewer
  2394 | Sewer    | Reached skill level 5 in Axes
  2497 | D:3      | Killed cereshysteria's ghost
  2613 | D:3      | Noticed Natasha
  2620 | D:3      | Killed Natasha
  2631 | D:3      | Reached XP level 8. HP: 65/65 MP: 8/8
  3090 | D:4      | Found a staircase to the Ecumenical Temple.
  3100 | Temple   | Entered the Ecumenical Temple
  3245 | Temple   | Became a worshipper of Trog the Wrathful
  3408 | D:4      | Noticed Pikel
  3499 | D:4      | Killed Pikel
  3931 | D:5      | Entered Level 5 of the Dungeon
  4047 | D:5      | Noticed Eustachio
  4057 | D:5      | Reached XP level 9. HP: 72/73 MP: 9/9
  4105 | D:5      | Killed Eustachio
  4338 | D:5      | Noticed Duvessa
  4339 | D:5      | Noticed Dowan
  4356 | D:5      | Killed Duvessa
  4367 | D:5      | Killed Dowan
  4949 | D:6      | Reached * piety under Trog
  5005 | D:6      | Found a runed door.
  5010 | D:6      | Found a runed gate.
  5011 | D:6      | Found a runed door.
  5021 | D:6      | Found a runed gate.
  5021 | D:6      | Found a runed gate.
  5712 | D:6      | Reached XP level 10. HP: 40/83 MP: 10/10
  6655 | D:7      | Reached ** piety under Trog
  7283 | D:8      | Found an opulent altar of Gozag.
  7366 | D:8      | Noticed a two-headed ogre
  7373 | D:8      | Killed a two-headed ogre
  7373 | D:8      | Reached skill level 10 in Fighting
  8160 | D:9      | Reached *** piety under Trog
  8256 | D:9      | Paralysed by a hornet for 2 turns
  8260 | D:9      | Paralysed by a hornet for 1 turns
  8270 | D:9      | Paralysed by a hornet for 1 turns
  8274 | D:9      | Paralysed by a hornet for 1 turns
  8276 | D:9      | Reached skill level 10 in Armour
  8973 | D:9      | Reached XP level 11. HP: 92/92 MP: 11/11
  8974 | D:9      | Found a glowing golden altar of the Shining One.
  8974 | D:9      | Found a runed door.
  8974 | D:9      | Noticed an angel
  9057 | D:9      | Found a sacrificial altar of Ru.
  9170 | D:9      | Noticed a two-headed ogre
  9546 | D:10     | Entered Level 10 of the Dungeon
  9683 | D:10     | Reached skill level 10 in Shields
  9932 | D:10     | Noticed Gorglomux's ghost (novice GrFi)
  9939 | D:10     | Killed Gorglomux's ghost
 10033 | D:10     | Reached **** piety under Trog
 10419 | D:11     | Reached skill level 10 in Axes
 10422 | D:11     | Found a staircase to the Lair.
 10671 | D:11     | Received a gift from Trog
 11049 | D:11     | Found a staircase to the Orcish Mines.
 11364 | D:11     | Noticed a green ugly thing
 11380 | D:11     | Killed a green ugly thing
 11875 | D:11     | Noticed a cyan ugly thing
 11890 | D:11     | Killed a cyan ugly thing
 11988 | Orc:1    | Entered Level 1 of the Orcish Mines
 11990 | Orc:1    | Noticed an orc warlord
 12132 | D:11     | Killed an orc warlord
 12132 | D:11     | Reached XP level 12. HP: 102/102 MP: 12/12
 12436 | Orc:1    | Found a roughly hewn altar of Beogh.
 12802 | Orc:2    | Entered Level 2 of the Orcish Mines
 12812 | Orc:2    | Noticed a stone giant
 12818 | Orc:2    | Reached ***** piety under Trog
 12890 | Orc:2    | Killed a stone giant
 13059 | Orc:2    | Noticed Saint Roka
 13089 | Orc:2    | Received a gift from Trog
 13672 | Orc:2    | HP: 4/154 [Saint Roka/divine providence (13)]
 13673 | Orc:2    | Killed from afar by Saint Roka

Skill      XL: |  1  2  3  4  5  6  7  8  9 10 11 12 |
---------------+-------------------------------------+-----
Fighting       | 4 5 6 7 9 10 11 12 | 12.5
Armour         | 4 5 6 7 8 10 11 12 | 12.2
Axes           | 3 4 5 6 7 9 10 11 | 11.2
Shields        | 4 5 6 8 9 11 | 11.6

Action                   |  1- 3 |  4- 6 |  7- 9 | 10-12 || total
-------------------------+-------+-------+-------+-------++-------
Melee: War axe           |   100 |    55 |   575 |   795 ||  1525
       Unarmed           |       |       |    21 |       ||    21
Throw: Tomahawk          |       |       |       |     8 ||     8
Invok: Berserk           |       |       |     2 |    15 ||    17
       Burn Spellbooks   |       |       |       |     2 ||     2
       Brothers in Arms  |       |       |       |     1 ||     1
 Abil: Hop               |     1 |       |       |       ||     1
Evoke: Wand              |       |       |     9 |     7 ||    16
  Use: Potion            |       |     1 |     4 |     8 ||    13
       Scroll            |       |       |     9 |     4 ||    13
  Eat: Chunk             |     1 |     2 |    11 |    18 ||    32
       Fruit             |       |       |     5 |     7 ||    12
       Meat ration       |       |       |     1 |     1 ||     2
       Bread ration      |       |       |       |     1 ||     1
       Royal jelly       |       |       |       |     6 ||     6
Armor: Scale mail        |    17 |       |       |       ||    17
       Pearl dragon scal |    30 |    31 |   245 |   352 ||   658
       Skin              |       |       |     1 |       ||     1
Dodge: Dodged            |    26 |    19 |   169 |   253 ||   467
Block: Shield            |    58 |    44 |   336 |   527 ||   965
